 Dungeon Crawl Stone Soup version 0.31-a0-1476-g8a4046af8c (webtiles) character file.

Game seed: 10903336608960629350

618 Conn the Sneak (level 7, -2/41 HPs)
             Began as an Octopode Fire Elementalist on Dec 29, 2023.
             Slain by a hornet (7 damage)
             ... on level 5 of the Dungeon.
             The game lasted 00:07:11 (4242 turns).

Conn the Sneak (Octopode Fire Elementalist)         Turns: 4242, Time: 00:07:11

Health: -2/41      AC:  5    Str: 14    XL:     7   Next: 45%
Magic:  7/12       EV: 14    Int: 19    God:
Gold:   176        SH:  0    Dex: 12    Spells: 7/13 levels left

rFire   + . .        r - staff of fire
rCold   . . .        (no shield)
rNeg    . . .        (helmet restricted)
rPois   .            A - amulet of regeneration
rElec   .            b - +4 ring of protection
rCorr   .            t - +6 ring of strength
SInv    .            x - ring of flight
Will    .....        (no ring)
Stlth   ++++         (no ring)
HPRegen 1.06/turn    (no ring)
MPRegen 0.13/turn    (no ring)
                     (no ring)

%: no passive effects
@: lethally poisoned (-2 -> -3), flying
A: almost no armour, amphibious, 8 rings, camouflage 1, gelatinous body 1,
(nimble swimmer 1), tentacles
a: no special abilities


You were on level 5 of the Dungeon.
You visited 1 branch of the dungeon, and saw 5 of its levels.

You collected 176 gold pieces.

Inventory:

Hand Weapons
 d - a +0 dagger
Missiles
 j - 4 curare-tipped darts (quivered)
Magical Staves
 r - a staff of fire (weapon)
Jewellery
 b - a +4 ring of protection (left tentacle)
 k - an amulet of faith
 t - a +6 ring of strength (right tentacle)
 x - a ring of flight (on tentacle)
 A - an amulet of regeneration (around mantle)
Scrolls
 e - 2 scrolls of enchant weapon {unknown}
 f - 2 scrolls of poison {unknown}
 i - a scroll of teleportation {unknown}
 n - a scroll of fear {unknown}
 o - a scroll of immolation {unknown}
 p - a scroll of noise {unknown}
 q - 2 scrolls of identify {unknown}
 u - a scroll of fog {unknown}
 w - a scroll of enchant armour {unknown}
 y - a scroll of brand weapon {unknown}
 B - a scroll of silence {unknown}
 C - a scroll of revelation {unknown}
Potions
 a - a potion of magic
 c - a potion of cancellation {unknown}
 g - a potion of degeneration {unknown}
 h - a potion of brilliance {unknown}
 l - a potion of resistance {unknown}
 m - 2 potions of mutation {unknown}
 s - a potion of enlightenment {unknown}
 v - a potion of might {unknown}
 z - 2 potions of haste {unknown}
 D - a potion of heal wounds {unknown}


   Skills:
 + Level 3.4 Dodging
 + Level 4.7 Stealth
 * Level 3.9 Spellcasting
 * Level 3.5 Conjurations
 * Level 2.9 Hexes
 + Level 4.1 Fire Magic


You had 7 spell levels left.
You knew the following spells:

 Your Spells              Type           Power      Damage    Failure   Level
a - Foxfire               Conj/Fire      100%       2x1d9     3%          1
b - Scorch                Fire           58%        2d7       3%          2
c - Inner Flame           Hex/Fire       25%        N/A       10%         3

Your spell library contained the following spells:

 Spells                   Type           Power      Damage    Failure   Level
 Volatile Blastmotes      Fire/Tloc      34%        2d12      19%         3
 Flame Wave               Conj/Fire      27%        2d9       28%         4
 Summon Forest            Summ/Tloc      1%         N/A       98%         5
 Eringya's Noxious Bog    Alch           1%         4d6       100%        6
 Summon Hydra             Summ           1%         N/A       100%        7


Dungeon Overview and Level Annotations

Branches:
Dungeon (5/15)
 Temple: D:4-7

Altars:
Cheibriados
Gozag
Trog


Innate Abilities, Weirdness & Mutations

You cannot wear most types of armour.
You are amphibious.
You can wear up to eight rings at the same time.
Your skin changes colour to match your surroundings (Stealth+).
Your rubbery body absorbs attacks. (AC +1, EV +1)
((You are camouflaged when in or above water. (Stealth+)))
You have tentacles for arms and can constrict up to eight enemies at once.


Message History

The ufetubus hits you but does no damage.
You feel very sick. The hornet stings you!
* * * LOW HITPOINT WARNING * * *
You feel yourself slow down. The ufetubus slips past you!
The ufetubus hits you but does no damage. x2
The ufetubus slips past you!
The ufetubus hits you but does no damage.
The ufetubus completely misses you.
You can move again.
Okay, then.
Unknown command.
Unknown command.
Unknown command.
Unknown command.
Unknown command.
Unknown command.
Okay, then.
Unknown command.
Okay, then.
Unknown command.
Casting: Scorch (safe; 3% risk of failure)
Confirm with . or Enter, or press ? or * to list all spells.
Okay, then.
Unknown command.
Unknown command.
Okay, then.
Unknown command.
Unknown command.
Unknown command.
Unknown command.
You feel yourself speed up.
You feel very sick. The hornet barely misses you. The ufetubus hits you.
* * * LOW HITPOINT WARNING * * *
The ufetubus completely misses you. The ufetubus barely misses you.
The ufetubus misses you. The hornet misses you. The ufetubus barely misses you.
The ufetubus closely misses you. The ufetubus barely misses you.
The ufetubus closely misses you. The hornet stings you!
You die...

..# ..# #.##.......
###..# .........##
...#..######...[.....
.#.................#
...[..............#
..................###..
.).......[............#
.###...........@5.#
#..........y.5..<..#
#................>..#
#.#.................#
..(#.................#
.....................>#
..###..##.............#
..........#...........#
#[.........=.......


You could see a hornet and 2 ufetubi.

Vanquished Creatures
  The ghost of YordlordTheGreat the Caller, an amateur MfSu (D:4)
  A black bear (D:5)
  An ogre (D:4)
  2 jellies (D:4)
  2 iguanas (D:4)
  A gnoll (D:1)
  6 adders
  An ufetubus (D:4)
  2 dart slugs
  4 orcs
  7 endoplasms
  A giant cockroach (D:1)
  9 goblins
  3 hobgoblins
  8 jackals
  8 ball pythons
  11 bats
  3 frilled lizards (D:1)
  8 kobolds
  7 rats
86 creatures vanquished.

Vanquished Creatures (others)
  257 foxfires
257 creatures vanquished.

Grand Total: 343 creatures vanquished

Notes
Turn   | Place    | Note
-------+----------+-------------------------------------------
     0 | D:1      | Conn the Octopode Fire Elementalist began the quest for the
                  | Orb.
     0 | D:1      | Reached XP level 1. HP: 11/11 MP: 3/3
   220 | D:1      | Reached XP level 2. HP: 17/17 MP: 1/5
   578 | D:1      | Reached XP level 3. HP: 21/21 MP: 2/6
   996 | D:1      | Learned a level 2 spell: Scorch
  1000 | D:1      | Learned a level 3 spell: Inner Flame
  1307 | D:2      | Found a bloodstained altar of Trog.
  1531 | D:2      | Reached XP level 4. HP: 27/27 MP: 7/7
  2760 | D:3      | Found a snail-covered altar of Cheibriados.
  2995 | D:4      | Noticed an ogre
  3008 | D:4      | Killed an ogre
  3009 | D:4      | Reached skill level 1 in Hexes
  3009 | D:4      | Reached XP level 5. HP: 19/31 MP: 6/9
  3130 | D:4      | Reached XP level 6. HP: 36/36 MP: 3/10
  3614 | D:4      | Noticed YordlordTheGreat's ghost (amateur MfSu)
  3617 | D:4      | Found a runed translucent door.
  3730 | D:4      | Found an opulent altar of Gozag.
  4080 | D:4      | Killed YordlordTheGreat's ghost
  4081 | D:4      | Reached XP level 7. HP: 41/41 MP: 1/12
  4211 | D:5      | Entered Level 5 of the Dungeon
  4230 | D:5      | Noticed a hornet
  4240 | D:5      | Paralysed by a hornet for 2 turns
  4242 | D:5      | Slain by a hornet

Illustrated notes

Levels and vault maps discovered:
D:1:      psy_arrival_basics, layout_basic
D:2:      layout_loops_ring, basic_altar, minmay_pentomino_u4
D:3:      layout_basic, lemuel_round_altar, kennysheep_doodads,
          mrwooster_statue_mirror
D:4:      layout_gridville, nicolae_gozag_cash_rules_everything_around_me,
          hellmonk_ghost_happy_afterlife, minmay_bent
D:5:      layout_rooms, serial_shops, shop, roderic_batcave

Skill      XL: |  1  2  3  4  5  6 |
---------------+-------------------+-----
Stealth        | 3 4 |  4.7
Conjurations   | 2 3 |  3.5
Spellcasting   | 3 |  3.9
Hexes          | 1 2 |  2.9
Dodging        | 3 |  3.4
Fire Magic     | 4 |  4.1

Action                     |  1- 3 |  4- 6 |  7- 9 || total
---------------------------+-------+-------+-------++-------
  Melee: Tentacles         |     8 |     6 |       ||    14
         Unarmed           |     4 |       |       ||     4
         Dagger            |    31 |    15 |       ||    46
         Constrict         |     9 |     4 |       ||    13
         Punch             |     1 |       |       ||     1
         Staff             |       |     6 |       ||     6
  Throw: Dart              |       |     1 |       ||     1
   Cast: Foxfire           |    54 |    96 |     1 ||   151
         Scorch            |       |     2 |     3 ||     5
         Inner Flame       |       |     1 |       ||     1
   Stab: Sleeping          |     2 |     3 |       ||     5
 Armour: Skin              |    23 |    18 |    14 ||    55
  Dodge: Dodged            |    34 |    12 |    15 ||    61

Table legend: (Time is in decaauts)
 A = Elapsed time spent in this place.
 B = Non-inter-level travel time spent in this place.
 C = Inter-level travel time spent in this place.
 D = Time resting spent in this place.
 E = Time spent auto-exploring this place.
 F = Levels seen in this place.
 G = Mean time per level.
                   A        B        C        D        E       F      G
               +--------+--------+--------+--------+--------+-----+--------+
         Total |   4239 |   4137 |    102 |     22 |   3322 |   5 |  847.8 |
       Dungeon |   4239 |   4137 |    102 |     22 |   3322 |   5 |  847.8 |
               +--------+--------+--------+--------+--------+-----+--------+

Top non-repeatable levels by time:
     D:4: 1257 daAuts
     D:1: 1011 daAuts
     D:3: 970 daAuts
     D:2: 969 daAuts
     D:5: 30 daAuts
